Map: Eternal Empire LE

Players

HuShang

  • Race: Protoss Protoss
  • League: Master
  • Spawn Location: 1:00

A.I. 2 (Very Easy) - Winner!

  • Race: Terran Terran
  • Spawn Location: 7:00

VOD

Have the link to the VOD?

Description

Time

  • Played on: Sept. 6, 2020, 3:03 p.m.
  • Length: 6:52
Show
View Real Time Build Order
Export as new Build Order

HuShang Protoss 

Build Orders: 1 Gate Expand, Zealot Archon, Archon Drop 

Get SALT Encoding   

  12  0:00  Probe  
  13  0:12  Probe  
  14  0:17  Pylon  
  14  0:25  Probe (Chrono Boost)  
  15  0:37  Probe (Chrono Boost)  
  15  0:39  Gateway  
  16  0:45  Probe (Chrono Boost)  
  16  0:47  Assimilator  
  17  0:51  Probe  
  18  1:03  Probe  
  19  1:15  Probe  
  20  1:22  Nexus  
  20  1:35  Cybernetics Core  
  20  1:36  Probe  
  21  1:41  Assimilator  
  21  1:48  Probe  
  21  1:51  Pylon  
  22  2:00  Probe  
  23  2:09  Stalker (Chrono Boost), Probe  
  23  2:12  Warp Gate  
  26  2:17  Probe  
  27  2:24  Robotics Facility  
  27  2:27  Probe  
  28  2:36  Stalker  
  30  2:38  Probe  
  30  2:39  Probe  
  32  2:51  Probe x2  
  34  2:58  Gateway  
  34  3:01  Gateway  
  34  3:05  Probe x2  
  37  3:13  Observer (Chrono Boost)  
  37  3:17  Probe x2  
  39  3:22  Pylon  
  39  3:27  Stalker  
  39  3:29  Probe x2  
  39  3:32  Observer  
  44  3:39  Pylon  
  44  3:41  Probe x2  
  46  3:53  Forge, Probe, Twilight Council  
  46  3:54  Observer, Probe  
  49  4:00  Stalker  
  51  4:05  Assimilator, Probe  
  51  4:06  Probe  
  51  4:08  Assimilator  
  53  4:12  Stalker  
  53  4:14  Stalker  
  57  4:18  Probe x2  
  57  4:21  Protoss Ground Armor Level 1 (Chrono Boost)  
  59  4:32  Charge  
  59  4:39  Gateway  
  59  4:40  Gateway  
  59  4:42  Gateway  
  59  4:44  Gateway  
  59  4:45  Gateway  
  59  4:48  Pylon  
  59  5:00  Templar Archives  
  59  5:08  Nexus  
  59  5:20  Warp Prism (Chrono Boost)  
  61  5:37  High Templar x2  
  61  5:38  Zealot x2  
  61  5:41  Pylon  
  69  5:42  Archon  
  69  5:43  Pylon  
  69  5:59  High Templar x2  
  69  6:00  Zealot x3  
  69  6:02  Zealot  
  69  6:03  Archon  
  80  6:09  Pylon  
  80  6:10  Pylon  
  80  6:33  Zealot x8  
  80  6:37  Pylon  
  80  6:38  Pylon  
Show
View Real Time Build Order
Export as new Build Order

A.I. 2 (Very Easy) Terran - Winner!

Build Orders: Reaper Expand 

Get SALT Encoding   

  12  0:00  SCV  
  13  0:13  SCV  
  14  0:18  Supply Depot  
  14  0:42  Barracks  
  14  1:04  Command Center  
  14  1:29  Marine  
  14  1:32  Supply Depot, Orbital Command  
  15  1:38  Refinery  
  15  1:50  Refinery  
  15  1:58  SCV  
  16  2:10  SCV  
  17  2:17  SCV  
  17  2:18  Reaper  
  19  2:24  SCV  
  20  2:31  SCV  
  21  2:38  SCV  
  22  2:45  SCV  
  22  2:49  Refinery  
  23  2:52  SCV  
  24  2:59  SCV  
  24  3:03  Marine  
  26  3:07  SCV  
  27  3:14  SCV  
  28  3:21  SCV  
  28  3:22  Factory  
  29  3:46  Refinery, SCV  
  29  3:48  Marine  
  31  3:53  SCV  
  32  3:57  Supply Depot  
  32  4:00  SCV  
  33  4:07  Barracks Tech Lab  
  33  4:08  SCV  
  34  4:10  Starport  
  34  4:15  SCV  
  35  4:22  SCV  
  36  4:29  SCV  
  37  4:33  Marauder, Supply Depot  
  37  4:36  SCV  
  40  4:43  SCV  
  41  4:48  Starport Tech Lab  
  41  4:51  SCV  
  42  4:58  SCV  
  43  5:05  SCV  
  43  5:06  Raven  
  46  5:12  SCV  
  47  5:18  Marauder  
  47  5:19  SCV  
  50  5:49  Raven  
  52  6:03  Marine  
  53  6:52  Supply Depot  
Tags
 
Add a new tag
Caveats
  • Supply blocks, unpowered buildings, or Contaminate may cause inaccurate times.
  • Supply counts are checked every 10 seconds.